 Seeded DCSS version 0.29.1-13-g9f3cf754e1 (webtiles) character file.

Game seed: 16245865983455551772 (custom seed)

60 OTABOTABOTAB the Caller (level 4, 27/27 HPs)
             Began as an Octopode Summoner on Jan 24, 2023.
             Quit the game on level 2 of the Dungeon.
             The game lasted 00:03:10 (2188 turns).

OTABOTABOTAB the Caller (Octopode Summoner)         Turns: 2188, Time: 00:03:11

Health: 27/27      AC:  1    Str:  7    XL:     4   Next: 6%
Magic:  3/7        EV: 13    Int: 31    God:
Gold:   69         SH:  0    Dex: 12    Spells: 2/8 levels left

rFire   . . .      SeeInvis .   a - +0 sling
rCold   . . .      Faith    .   (no shield)
rNeg    . . .      Spirit   .   (helmet restricted)
rPois   .          Reflect  .   (no amulet)
rElec   .          Harm     .   I - +6 ring of intelligence
rCorr   .          Rampage  .   g - +6 ring of intelligence
Will    .....                   (no ring)
Stlth   +++.......              (no ring)
HPRegen 0.09/turn               (no ring)
MPRegen 0.10/turn               (no ring)
                                (no ring)
                                (no ring)

@: no status effects
A: almost no armour, amphibious, 8 rings, camouflage 1, gelatinous body 1,
(nimble swimmer 1), tentacles
a: no special abilities


You were on level 2 of the Dungeon.
You visited 1 branch of the dungeon, and saw 2 of its levels.

You collected 69 gold pieces.

Inventory:

Hand Weapons
 a - a +0 sling (weapon)
   (You found it on level 1 of the Dungeon)
Missiles
 e - 2 poisoned darts
 s - 22 stones
Jewellery
 g - a +6 ring of intelligence (right tentacle)
   (You found it on level 1 of the Dungeon)
 I - a +6 ring of intelligence (left tentacle)
   (You found it on level 1 of the Dungeon)
Scrolls
 b - 3 scrolls of acquirement {unknown}
 f - 2 scrolls of teleportation {unknown}
 i - a scroll of summoning {unknown}
 j - a scroll of identify {unknown}
 k - a scroll of enchant weapon {unknown}
Potions
 c - a potion of might {unknown}
 d - 2 potions of flight {unknown}
 h - a potion of lignification {unknown}
 M - a potion of magic


   Skills:
 + Level 2.6 Dodging
 + Level 3.7 Stealth
 + Level 2.5 Spellcasting
 + Level 4.4 Summonings


You had 2 spell levels left.
You knew the following spells:

 Your Spells              Type           Power      Damage    Failure   Level
a - Summon Small Mammal   Summ           100%       N/A       1%          1
b - Call Canine Familiar  Summ           31%        N/A       3%          3
c - Call Imp              Summ           31%        N/A       1%          2

Your spell library contained the following spells:

 Spells                   Type           Power      Damage    Failure   Level
 Summon Guardian Golem    Hex/Summ       17%        N/A       9%          3
 Summon Lightning Spire   Summ/Air       17%        N/A       28%         4


Dungeon Overview and Level Annotations

Branches:
Dungeon (2/15)

Altars:


Innate Abilities, Weirdness & Mutations

You cannot wear most types of armour.
You are amphibious.
You can wear up to eight rings at the same time.
Your skin changes colour to match your surroundings (Stealth+).
Your rubbery body absorbs attacks. (AC +1, EV +1)
((You are camouflaged when in or above water. (Stealth+)))
You have tentacles for arms and can constrict up to eight enemies at once.


Message History

You now have 55 gold pieces (gained 15).
You see here a rat corpse.
i - a scroll labelled PEWESOQEAK MP restored: 6
f - 2 scrolls labelled XODATU UXUOJ (gained 1)
Found a stone staircase leading down.
j - a scroll labelled DOIQEGH ICARY Search for what [? for help]? ego
s - 22 stones (gained 8)
Found a stone staircase leading down.
A bat comes into view.
A bat is nearby!
You now have 3/6 mp.
Your hound bites the bat!
The bat dies!
Your hound disappears in a puff of smoke!
k - a scroll labelled WUDUNO YGUA MP restored: 6
Found a stone staircase leading down.
You now have 69 gold pieces (gained 14).
Found an escape hatch in the ceiling.
Found a stone staircase leading up.
You now have 3/6 mp.
Your hound wags its tail.
An adder comes into view.
MP restored: 6 An adder is nearby!
Unknown command.
A beastly little devil appears in a puff of flame.
You now have 4/6 mp.
You now have 3/6 mp.
You now have 2/6 mp.
Your crimson imp completely misses the adder.
The adder barely misses your crimson imp.
Your quokka misses the adder. The adder bites your quokka.
Your quokka is poisoned.
The adder poisons your quokka!
Your crimson imp barely misses the adder.
Your quokka dies!
Your quokka's corpse disappears in a puff of smoke!
Your quokka completely misses the adder.
The adder closely misses your quokka.
Your quokka closely misses the adder.
Your crimson imp blinks!
The adder bites your quokka.
Your quokka is poisoned.
The adder poisons your quokka!
Your quokka completely misses the adder.
The adder bites your quokka.
Your quokka dies!
Your quokka's corpse disappears in a puff of smoke!
The adder misses your hound.
Your crimson imp blinks!
Your hound bites the adder.
The adder closely misses your hound.
Your hound bites the adder.
Your hound barely misses the adder.
The adder closely misses your hound.
Your hound bites the adder.
The adder bites your hound.
Your hound misses the adder. The adder bites your hound.
Your hound is poisoned.
The adder poisons your hound!
Your hound bites the adder but does no damage.
The adder closely misses your hound.
Your crimson imp blinks!
Your hound closely misses the adder.
The adder closely misses your hound.
Your hound misses the adder. The adder barely misses your hound.
Your hound closely misses the adder.
The adder bites your hound.
Your crimson imp blinks!
Your hound barely misses the adder.
Your hound bites the adder.
The adder misses your hound.
Your hound bites the adder.
The adder dies!
Your hound looks more healthy.
You swap places.
You swap places.
Jessica the Apprentice Sorceress comes into view.
She is wielding a +0 dagger of draining.
Your crimson imp blinks!
MP restored: 6 Jessica mumbles something strange.
Your hound bites Jessica.
Your hound bites Jessica.
Jessica shouts, "Stop bothering me, or I'll kill you!"
Jessica hits your hound with a +0 dagger of draining.
Your hound bites Jessica.
Jessica hits your hound with a +0 dagger of draining.
Jessica drains your hound.
Your hound dies!
Your hound's corpse disappears in a puff of smoke!
Jessica casts a spell.
Jessica seems to speed up.
Your crimson imp blinks!
You now have 3/6 mp.
Jessica points at you and mumbles some strange words.
You barely resist.
You swap places.
Your hound misses Jessica.
Jessica points at you and mumbles some strange words.
Your hound writhes in agony!
Your hound bites Jessica.
Jessica dies!
You have reached level 4!
Health restored: 27 You swap places.
Okay, then.

############
#..........################
#.######...................
#.# #...################
#.### ##### #...# #########
###.# #@)...... #.#
#h####### #.# #5#
########.# #.# #.#
#......... #.#
###.###.######## #.#
##.......### #.#
#..........#
#.###...######.#
##.#.......####.#


You could see a friendly hound (summoned) and a friendly crimson imp (summoned).

Vanquished Creatures
  A quokka (D:1)
1 creature vanquished.

Vanquished Creatures (collateral kills)
  Jessica (D:2)
  An adder (D:2)
  2 ball pythons (D:1)
  2 bats
  4 endoplasms (D:1)
  2 goblins (D:1)
  3 hobgoblins (D:1)
  2 kobolds (D:1)
  2 quokkas (D:1)
  A frilled lizard (D:1)
  2 rats
22 creatures vanquished.

Grand Total: 23 creatures vanquished

Notes
Turn   | Place    | Note
-------+----------+-------------------------------------------
     0 | D:1      | OTABOTABOTAB the Octopode Summoner began the quest for the
                  | Orb.
     0 | D:1      | Reached XP level 1. HP: 11/11 MP: 3/3
   232 | D:1      | Reached skill level 3 in Stealth
   232 | D:1      | Reached XP level 2. HP: 15/17 MP: 1/5
   235 | D:1      | Learned a level 2 spell: Call Imp
   328 | D:1      | Found a faded altar of an unknown god.
  1507 | D:1      | Reached XP level 3. HP: 21/21 MP: 3/6
  1666 | D:1      | Learned a level 3 spell: Call Canine Familiar
  2175 | D:2      | Noticed Jessica
  2185 | D:2      | Killed Jessica
  2186 | D:2      | Reached XP level 4. HP: 27/27 MP: 3/7
  2188 | D:2      | Quit the game

Illustrated notes

Levels and vault maps discovered:
D:1:      minmay_arrival_hallway, layout_loops_corners, basic_ecumenical_altar,
          minmay_unequal
D:2:      layout_loops_ring, uniq_jessica

Skill      XL: |  1 |
---------------+----+-----
Stealth        | 3 |  3.7
Dodging        | |  2.6
Spellcasting   | |  2.5
Summonings     | |  4.4

Action                   |  1- 3 |  4- 6 || total
-------------------------+-------+-------++-------
 Fire: Sling             |     5 |       ||     5
 Cast: Summon Small Mamm |    25 |       ||    25
       Call Imp          |    13 |       ||    13
       Call Canine Famil |     4 |       ||     4
Dodge: Dodged            |    11 |       ||    11

Table legend: (Time is in decaauts)
 A = Elapsed time spent in this place.
 B = Non-inter-level travel time spent in this place.
 C = Inter-level travel time spent in this place.
 D = Time resting spent in this place.
 E = Time spent auto-exploring this place.
 F = Levels seen in this place.
 G = Mean time per level.
                   A        B        C        D        E       F      G
               +--------+--------+--------+--------+--------+-----+--------+
         Total |   2188 |   2140 |     48 |    126 |   1766 |   2 | 1094.0 |
       Dungeon |   2188 |   2140 |     48 |    126 |   1766 |   2 | 1094.0 |
               +--------+--------+--------+--------+--------+-----+--------+

Top non-repeatable levels by time:
     D:1: 1714 daAuts
     D:2: 473 daAuts

Table legend:
 A = Kills in this place as a percentage of kills in entire the game.
 B = Kills by you in this place as a percentage of kills by you in the entire game.
 C = Kills by friends in this place as a percentage of kills by friends in the entire game.
 D = Other kills in this place as a percentage of other kills in the entire game.
 E = Experience gained in this place as a percentage of experience gained in the entire game.
 F = Experience gained in this place divided by the number of levels of this place that you have seen.
                   A       B       C       D       E      F
               +-------+-------+-------+-------+-------+----------------------
         Total | 100.0 | 100.0 | 100.0 |   N/A | 100.0 |  43.5
       Dungeon | 100.0 | 100.0 | 100.0 |   N/A | 100.0 |  43.5
               +-------+-------+-------+-------+-------+----------------------
